 Dungeon Crawl Stone Soup version 0.22-a0-558-gc224181 (webtiles) character file.

1436 Lianjan the Cleaver (level 8, -6/71 HPs)
             Began as a Hill Orc Fighter on June 26, 2018.
             Was a Follower of Beogh.
             Mangled by a merfolk
             ... wielding a +0 spear
              (12 damage)
             ... on level 9 of the Dungeon.
             The game lasted 00:12:38 (4950 turns).

Lianjan the Cleaver (Hill Orc Fighter)              Turns: 4950, Time: 00:12:39

Health: -6/71      AC: 11    Str: 19    XL:     8   Next: 73%
Magic:  10/10      EV:  5    Int: 10    God:    Beogh [*.....]
Gold:   335        SH: 10    Dex: 10    Spells: 7/7 levels left

rFire    + . .     SeeInvis .   y - +7 broad axe of the Hierophant {chop, *Corrode rPois rF+ MR+}
rCold    x . .     Gourm    .   c - +0 shield
rNeg     + + .     Faith    .   z - +0 chain mail (curse)
rPois    +         Spirit   .   (no helmet)
rElec    .         Reflect  .   (no cloak)
rCorr    .         Harm     .   A - +0 pair of gloves of the Ban {rPois rC- rN++ Stlth+} (curse)
MR       ++...                  (no boots)
Stlth    ..........             (no amulet)
HPRegen  0.21/turn              j - ring of stealth
MPRegen  0.12/turn              t - ring of protection from magic (curse)

@: no status effects
A: no striking features
a: Renounce Religion


You were on level 9 of the Dungeon.
You worshipped Beogh.
Beogh was aware of your devotion.
You were very hungry.

You visited 2 branches of the dungeon, and saw 8 of its levels.
You also visited: Sewer.

You collected 335 gold pieces.

Inventory:

Hand Weapons
 a - a +1 war axe
 b - a +0 blowgun
 y - the +7 broad axe of the Hierophant (weapon) {chop, *Corrode rPois rF+ MR+}
   (You found it on level 4 of the Dungeon)

   It inflicts extra damage upon your enemies.
   It protects you from fire.
   It protects you from poison.
   It affects your resistance to hostile enchantments.
   It may corrode you when you take damage.
Missiles
 e - 11 tomahawks (quivered)
 g - 23 poisoned needles
 l - 158 stones
 m - 19 bolts
Armour
 c - a +0 shield (worn)
 h - a +0 pair of gloves of archery
 n - a +0 plate armour
 x - a +0 scale mail
 z - a cursed +0 chain mail (worn)
 A - the cursed +0 pair of gloves of the Ban (worn) {rPois rC- rN++ Stlth+}
   (You found it on level 4 of the Dungeon)

   It makes you vulnerable to cold.
   It protects you from poison.
   It greatly protects you from negative energy.
   It makes you more stealthy.
   It has a curse placed upon it.
 E - the +5 ring mail of Loss {rPois Int+6 Dex-5, unknown}
   (You found it on level 6 of the Dungeon)

   It affects your intelligence (+6).
   It affects your dexterity (-5).
   It protects you from poison.
Jewellery
 j - a ring of stealth (left hand)
 t - a cursed ring of protection from magic (right hand)
Wands
 w - a wand of flame (11)
 G - a wand of paralysis (11)
Scrolls
 o - a scroll of magic mapping
 p - a scroll of fog
 B - a scroll of amnesia
 D - a scroll of teleportation
 F - a scroll of fear
Potions
 d - a potion of might
 i - a potion of flight
 k - a potion of brilliance {unknown}
 q - a potion of berserk rage {unknown}
 r - 2 potions of degeneration
 s - a potion of magic {unknown}
 u - a potion of cancellation {unknown}
 v - 2 potions of agility {unknown}
 C - a potion of heal wounds {unknown}
Comestibles
 f - 9 rations


   Skills:
 + Level 6.5 Fighting
 * Level 8.8 Axes
 + Level 5.9 Armour
 + Level 5.9 Shields
 + Level 3.4 Invocations


You had 7 spell levels left.
You didn't know any spells.
Your spell library contained the following spells:

 Spells                   Type           Power        Failure   Level  Hunger
 Magic Dart               Conj           #...         100%        1    ##.....
 Conjure Flame            Conj/Fire      #.......     100%        3    ####...
 Slow                     Hex            #.......     100%        2    ###....
 Mephitic Cloud           Conj/Pois/Air  #.......     100%        3    ####...
 Blink                    Tloc           N/A          100%        2    ###....
 Call Imp                 Summ           #.......     100%        2    ###....


Dungeon Overview and Level Annotations

Branches:
Dungeon (6/15)             Temple (1/1) D:4

Altars:
Ashenzari
Dithmenos
Elyvilon
Fedhas
Gozag
Hepliaklqana
Kikubaaqudgha
Makhleb
Nemelex Xobeh
Okawaru
Qazlal
Ru
Sif Muna
Trog
Uskayaw
Vehumet
Wu Jian
Xom
Yredelemnul
Zin
The Shining One

Shops:
D:5 (

Annotations:
D:9 2 runed doors


Message History

The adder skeleton bites you but does no damage.
The merfolk hits you from afar with a spear!
You block the orc's attack.
The adder skeleton bites you but does no damage.
The orc warrior hits you with a scimitar!
You open the door.
There is an open door here.
Found a short sword.
There isn't anything here!
The merfolk hits you from afar with a spear!
* * * LOW HITPOINT WARNING * * *
There is an open door here.
The merfolk hits you from afar with a spear!
* * * LOW HITPOINT WARNING * * *
The orc priest shouts!
Found a glaive.
Okay, then.
The merfolk hits you but does no damage.
The merfolk hits you from afar with a spear!
You die...

#. #....# #.
#....# #. #....#
#.######+###....#
#.....Z...o....#
###........o.....#
#......mo####....#
#......###
#....#####
###..@.#
#......... #...##
#....o.... #...#
#)........ #...#
###....... #...#
#....... #...#
#....... #...#
#....... #...#
#....... #)......


You could see a merfolk, an orc warrior, an orc priest and an adder skeleton.

Vanquished Creatures
  Grinder (D:5)
  An orc warrior (D:6)
  2 sky beasts (D:5)
  2 ogres
  A centaur (D:5)
  A crocodile (Sewer)
  A bullfrog (D:3)
  2 scorpions
  A howler monkey (D:4)
  2 crimson imps (D:5)
  2 jellies
  2 bullfrog skeletons
  2 orc wizards (D:5)
  2 worker ants
  A hound zombie (D:4)
  6 adders
  An adder skeleton (D:5)
  4 worms
  3 dart slugs
  2 leopard geckos (D:3)
  13 orcs
  3 giant cockroaches
  5 goblins
  4 hobgoblins
  12 jackals
  2 quokkas
  6 bats
  6 frilled lizards
  A jackal zombie (D:5)
  11 kobolds
  10 rats
112 creatures vanquished.

Vanquished Creatures (others)
  An adder skeleton (D:5)
1 creature vanquished.

Grand Total: 113 creatures vanquished

Notes
Turn   | Place    | Note
-------+----------+-------------------------------------------
     0 | D:1      | Lianjan the Hill Orc Fighter began the quest for the Orb.
     0 | D:1      | Reached XP level 1. HP: 19/19 MP: 1/1
   195 | D:1      | Reached skill level 3 in Axes
   334 | D:1      | Reached XP level 2. HP: 24/27 MP: 2/2
  1096 | D:1      | Reached XP level 3. HP: 18/33 MP: 3/3
  1592 | D:2      | Reached skill level 4 in Axes
  1763 | D:3      | Found an ornate altar of the Wu Jian Council.
  1766 | D:3      | Found a shattered altar of Ashenzari.
  1815 | D:3      | Reached XP level 4. HP: 40/40 MP: 4/4
  1850 | D:3      | Found a glowing drain.
  1878 | Sewer    | Entered a sewer
  1929 | Sewer    | Noticed a crocodile
  1936 | Sewer    | Killed a crocodile
  1936 | Sewer    | Reached XP level 5. HP: 33/47 MP: 5/5
  2165 | D:3      | Found a sacrificial altar of Ru.
  2309 | D:3      | Reached skill level 5 in Axes
  2377 | D:3      | Reached XP level 6. HP: 23/53 MP: 6/6
  2565 | D:3      | Found a shadowy altar of Dithmenos.
  2883 | D:4      | Got a faintly glowing broad axe
  2885 | D:4      | Identified the +7 broad axe of the Hierophant {chop, *Corrode rPois rF+ MR+} (You found it on level 4 of the Dungeon)
  2897 | D:4      | Reached skill level 6 in Axes
  2914 | D:4      | Reached skill level 5 in Fighting
  3136 | D:4      | Found a staircase to the Ecumenical Temple.
  3176 | D:4      | Got a pair of smoking gloves
  3181 | D:4      | Reached XP level 7. HP: 59/61 MP: 7/7
  3200 | D:4      | Identified the cursed +0 pair of gloves of the Ban {rPois rC- rN++ Stlth+} (You found it on level 4 of the Dungeon)
  3243 | Temple   | Entered the Ecumenical Temple
  3883 | D:5      | Entered Level 5 of the Dungeon
  3906 | D:5      | Reached skill level 5 in Shields
  3958 | D:5      | Reached skill level 7 in Axes
  3958 | D:5      | Reached skill level 5 in Armour
  3983 | D:5      | Became a worshipper of Beogh the Brigand
  4005 | D:5      | Found a basalt altar of Yredelemnul.
  4015 | D:5      | Found Jaumycee's Weapon Shoppe.
  4034 | D:5      | Found a stormy altar of Qazlal.
  4051 | D:5      | Reached skill level 1 in Invocations
  4095 | D:5      | Noticed Grinder
  4105 | D:5      | Killed Grinder
  4105 | D:5      | Reached XP level 8. HP: 70/70 MP: 7/9
  4117 | D:5      | Found a deep blue altar of Sif Muna.
  4133 | D:5      | Reached skill level 8 in Axes
  4807 | D:6      | Got a bloodstained ring mail
  4838 | D:6      | Reached * piety under Beogh
  4903 | D:6      | You fall through a shaft for 3 floors!
  4904 | D:9      | Found a runed door.
  4913 | D:9      | Found a runed door.
  4918 | D:9      | Noticed a merfolk
  4931 | D:9      | HP: 2/71 [merfolk/spear (10)]
  4950 | D:9      | Mangled by a merfolk

Vault maps used:
D:1:      dpeg_arrival_tiny_e, serial_co_window_serial, co_window_paths_a,
          co_window_paths_a, co_window_paths_b, co_window_paths_a,
          co_window_paths_a, co_window_paths_c, co_window_unsneaky_path_b,
          co_window_broadway_b, co_window_4corner_a, glass_columns_c,
          minivault_27
D:3:      overflow_temple_1_default, overflow_temple_1_default,
          nicolae_dithmenos_shadow_blocks, cheibrodos_sewer_entry_bend,
          first_ration, evilmike_ruin_ashenzari
D:4:      minmay_temple_entry_statues, serial_bayou_crossing
D:5:      nicolae_overflow_crystal_walls, grunt_temple_overflow_open,
          serial_shops, shop_fountains, uniq_grinder
D:6:      uniq_edmund
D:9:      eino_small_chamber_without_monster, hangedman_fish_farm,
          minmay_statue_crystal_thing
Temple:   eino_wide_crystal_templ
Sewer:    sewer_the_crocodile

Skill      XL: |  1  2  3  4  5  6  7  8 |
---------------+-------------------------+-----
Axes           | 3 4 5 6 7 8 |  8.8
Fighting       | 4 5 6 |  6.5
Armour         | 4 5 |  5.9
Shields        | 4 5 |  5.9
Invocations    | 2 3 |  3.4

Action                   |  1- 3 |  4- 6 |  7- 9 || total
-------------------------+-------+-------+-------++-------
Melee: War axe           |   126 |    67 |       ||   193
       Broad axe         |       |    18 |    94 ||   112
Throw: Tomahawk          |     2 |       |       ||     2
Invok: Convert to Beogh  |       |       |     1 ||     1
  Use: Scroll            |     2 |     6 |     3 ||    11
  Eat: Chunk             |     3 |     4 |     5 ||    12
Armor: Scale mail        |    66 |    45 |       ||   111
       Chain mail        |       |     5 |    38 ||    43
Dodge: Dodged            |    42 |    16 |    14 ||    72
Block: Shield            |    67 |    52 |    58 ||   177

Table legend:
 A = Spawn XP
 B = Non-spawn XP
 C = Spawn XP percentage of total XP
 D = Spawn monster count
 E = Non-spawn monster count
 F = Spawn count percentage of total count
 G = Total turns spent on level
                    A         B        C        D         E        F      G
               +---------+---------+-------+---------+---------+-------+---------
         Total |       0 |    2052 |   0.0 |       0 |     112 |   0.0 |  4950
               +---------+---------+-------+---------+---------+-------+---------
           D:1 |       0 |      47 |   0.0 |       0 |      20 |   0.0 |  1100
           D:2 |       0 |      27 |   0.0 |       0 |      15 |   0.0 |   639
           D:3 |       0 |     176 |   0.0 |       0 |      25 |   0.0 |   857
           D:4 |       0 |     359 |   0.0 |       0 |      15 |   0.0 |   987
           D:5 |       0 |    1151 |   0.0 |       0 |      26 |   0.0 |   890
           D:6 |       0 |     142 |   0.0 |       0 |       4 |   0.0 |   130
           D:9 |       0 |      42 |   0.0 |       0 |       1 |   0.0 |    47
         Sewer |       0 |     108 |   0.0 |       0 |       6 |   0.0 |   242
               +---------+---------+-------+---------+---------+-------+---------
